 Dungeon Crawl Stone Soup version 0.31-a0-331-geda263fcf1 (webtiles) character file.

Game seed: 4230919157303836655

238 LustLizard the Ruffian (level 6, 0/42 HPs)
             Began as an Octopode Shapeshifter on July 19, 2023.
             Slain by an orc wizard
             ... wielding a +0 dagger
              (4 damage)
             ... on level 4 of the Dungeon.
             The game lasted 00:07:45 (3008 turns).

LustLizard the Ruffian (Octopode Shapeshifter)      Turns: 3008, Time: 00:07:45

Health: 0/42       AC:  1    Str: 16    XL:     6   Next: 7%
Magic:  6/6        EV: 13    Int: 11    God:
Gold:   116        SH:  5    Dex: 12    Spells: 5/5 levels left

rFire   . .          .
                       - Unarmed
rCold   . . .        (no shield)
rNeg    . . .        (helmet currently unavailable)
rPois   .            j - amulet of reflection
rElec   .            l - ring of flight
rCorr   .            (no ring)
SInv    .            (no ring)
Will    .....        (no ring)
Stlth   +++          (no ring)
HPRegen 0.27/turn    (no ring)
MPRegen 0.10/turn    (no ring)
                     (no ring)

%: reflection
@: beast-form, flying
A: beast (slay +2), almost no armour, amphibious, 8 rings, camouflage 1,
gelatinous body 1, (nimble swimmer 1), tentacles
a: Begin Untransformation


You were on level 4 of the Dungeon.
You were a hulking beast.
You visited 1 branch of the dungeon, and saw 4 of its levels.

You collected 186 gold pieces.
You spent 70 gold pieces at shops.

Inventory:

Missiles
 o - 2 poisoned darts
Jewellery
 j - an amulet of reflection (around mantle)
 l - a ring of flight (left tentacle)
Talismans
 b - a beast talisman
Wands
 i - a wand of flame (30)
Scrolls
 d - 2 scrolls of teleportation
 e - a scroll of identify
 g - a scroll of noise {unknown}
 m - a scroll of enchant armour {unknown}
 n - a scroll of brand weapon {unknown}
 p - a scroll of amnesia {unknown}
Potions
 a - a potion of lignification
 c - 3 potions of curing
 f - a potion of heal wounds
 h - 2 potions of haste {unknown}
 k - a potion of degeneration {unknown}


   Skills:
 + Level 3.2 Fighting
 - Level 2.0 Dodging
 + Level 3.4 Stealth
 * Level 4.1 Unarmed Combat
 + Level 3.7 Shapeshifting


You had 5 spell levels left.
You didn't know any spells.
Your spell library was empty.

Dungeon Overview and Level Annotations

Branches:
Dungeon (4/15)
 Temple: D:4-7

Altars:
Kikubaaqudgha
Zin

Shops:
D:1 !

Annotations:
D:4 exclusion: black bear


Innate Abilities, Weirdness & Mutations

You are a hulking beast.
Your limbs bulge with bestial killing power. (Slay +2)
You cannot wear most types of armour.
You are amphibious.
You can wear up to eight rings at the same time.
Your skin changes colour to match your surroundings (Stealth+).
Your rubbery body absorbs attacks. (AC +1, EV +1)
((You are camouflaged when in or above water. (Stealth+)))
You have tentacles for arms and can constrict up to eight enemies at once.


Message History

You kill the orc!
You hear a shout!
The orc wizard gestures wildly while chanting.
The orc wizard flickers and vanishes!
Deactivating autopickup; reactivate with Ctrl-A.
Things that are here:
a +0 falchion; 2 boomerangs; an orc corpse You barely miss something.
Your squeeze misses something. You tentacle-slap something. Something hits you.
You miss something. Your squeeze misses something.
Something hits you but does no damage.
You tentacle-slap something.
You hear some strange, mumbled words.
You are confused.
You completely miss something. Something hits you. Something hits you.
You miss something. Your squeeze misses something. Something hits you.
Something hits you. Something hits you.
A magic dart appears from out of thin air!
The magic dart hits you! Something hits you.
You feel less confused.
You hear some strange, mumbled words.
You are confused.
Something hits you.
* * * LOW HITPOINT WARNING * * *
You closely miss something. Something hits you.
* * * LOW HITPOINT WARNING * * *
You completely miss something. Something barely misses you. Something hits you.
* * * LOW HITPOINT WARNING * * *
Something hits you.
* * * LOW HITPOINT WARNING * * *
You feel better. Something hits you.
* * * LOW HITPOINT WARNING * * *
You miss something. Your squeeze misses something. Something hits you.
* * * LOW HITPOINT WARNING * * *
You tentacle-slap something. Your squeeze misses something. Something hits you.
You die...

##+## ##...## ##.....##
##.......##
...###.....)...####...
.....'.).......'......
....###..h{.....####...
.# ##.......## ..
##.....## .## #.......#
.. #.##)##.# #.
#.##.##.# .#
#.#.##.##.##.# h#
#....)....##.#### .#
###.##.#........# .#


There were no monsters in sight!

Vanquished Creatures
  A black bear (D:3)
  Terence (D:2)
  An adder (D:4)
  4 dart slugs
  12 orcs
  A bat zombie (D:4)
  4 endoplasms
  4 giant cockroaches
  10 goblins
  4 hobgoblins
  9 jackals
  5 kobolds
  6 quokkas
  6 ball pythons
  6 bats
  4 frilled lizards (D:2)
  6 rats
  4 rat zombies (D:4)
88 creatures vanquished.

Notes
Turn   | Place    | Note
-------+----------+-------------------------------------------
     0 | D:1      | LustLizard the Octopode Shapeshifter began the quest for
                  | the Orb.
     0 | D:1      | Reached XP level 1. HP: 14/14 MP: 1/1
   165 | D:1      | Reached XP level 2. HP: 19/19 MP: 2/2
   212 | D:1      | Reached skill level 1 in Stealth
   398 | D:1      | You fall into a shaft and drop 1 floor!
   485 | D:1      | Found Pucudd's Distillery.
   512 | D:1      | Bought a potion of heal wounds for 70 gold pieces
   571 | D:1      | Reached XP level 3. HP: 22/24 MP: 3/3
   859 | D:2      | Noticed Terence
   893 | D:2      | Killed Terence
   894 | D:2      | Reached skill level 3 in Unarmed Combat
   894 | D:2      | Reached XP level 4. HP: 12/30 MP: 4/4
  1569 | D:3      | Noticed a black bear
  1580 | D:3      | Killed a black bear
  1581 | D:3      | Reached XP level 5. HP: 28/36 MP: 5/5
  2728 | D:4      | Reached skill level 4 in Unarmed Combat
  2729 | D:4      | Found an ancient bone altar of Kikubaaqudgha.
  2842 | D:4      | Found a glowing silver altar of Zin.
  2899 | D:4      | Reached XP level 6. HP: 38/42 MP: 6/6
  2930 | D:4      | Noticed a black bear
  3005 | D:4      | HP: 1/42 [something (3)]
  3008 | D:4      | Slain by an orc wizard

Illustrated notes

Levels and vault maps discovered:
D:1:      dpeg_arrival_orchard, layout_basic, serial_shops, shop,
          minmay_crystal_room, st_stairs_11
D:2:      layout_basic, uniq_terence
D:3:      layout_basic, skrybe_limestone_x, serial_bayou_ford_a
D:4:      kennysheep_big_flooded_room, layout_loops_corners,
          lemuel_zombie_altar_kikubaaqudgha,
          mainiacjoe_overflow_small_starburst, serial_shops,
          nicolae_shop_waterfront

Skill      XL: |  1  2  3  4  5 |
---------------+----------------+-----
Stealth        | 1 2 3 |  3.4
Unarmed Combat | 3 4 |  4.1
Fighting       | 3 |  3.2
Dodging        | |  2.0
Shapeshifting  | |  3.7

Action                     |  1- 3 |  4- 6 || total
---------------------------+-------+-------++-------
  Melee: Unarmed           |    59 |   111 ||   170
         Constrict         |    19 |    24 ||    43
         Tentacles         |     8 |    17 ||    25
         Punch             |     1 |     2 ||     3
    Use: Scroll            |       |     2 ||     2
         Potion            |       |     1 ||     1
   Stab: Sleeping          |     5 |    11 ||    16
 Armour: Skin              |     7 |     5 ||    12
  Dodge: Dodged            |    30 |    31 ||    61
  Block: Other             |       |    10 ||    10
         Reflection        |       |     1 ||     1

Table legend: (Time is in decaauts)
 A = Elapsed time spent in this place.
 B = Non-inter-level travel time spent in this place.
 C = Inter-level travel time spent in this place.
 D = Time resting spent in this place.
 E = Time spent auto-exploring this place.
 F = Levels seen in this place.
 G = Mean time per level.
                   A        B        C        D        E       F      G
               +--------+--------+--------+--------+--------+-----+--------+
         Total |   3000 |   2671 |    329 |     80 |   1810 |   4 |  750.0 |
       Dungeon |   3000 |   2671 |    329 |     80 |   1810 |   4 |  750.0 |
               +--------+--------+--------+--------+--------+-----+--------+

Top non-repeatable levels by time:
     D:3: 1153 daAuts
     D:2: 841 daAuts
     D:1: 624 daAuts
     D:4: 381 daAuts
